Map: Kairos Junction LE

Players

Basior - Winner!

  • Race: Terran Terran
  • Spawn Location: 11:00

SpaceMarine

  • Race: Protoss Protoss
  • Spawn Location: 5:00

Event: IEM Season 13: Katowice (2019)

VOD

Have the link to the VOD?

Description

Time

  • Played on: Feb. 26, 2019, 4:26 a.m.
  • Length: 9:58

All games in this series

Show
View Real Time Build Order
Export as new Build Order

Basior Terran - Winner!

Build Orders: 1/1/1, Cyclone Opening 

Get SALT Encoding   

  12  0:00  SCV  
  13  0:12  SCV  
  14  0:16  Supply Depot  
  14  0:24  SCV  
  14  0:27  Refinery  
  15  0:38  SCV  
  16  0:44  Barracks  
  16  0:50  SCV  
  17  1:02  SCV  
  18  1:19  SCV  
  19  1:31  Orbital Command  
  20  1:34  Marine  
  20  1:39  Factory  
  20  1:50  Refinery  
  20  1:52  Marine  
  21  1:56  Supply Depot  
  21  1:57  SCV  
  22  2:09  SCV  
  23  2:21  SCV  
  23  2:22  Starport, Factory Tech Lab  
  24  2:33  Barracks Reactor, SCV  
  25  2:37  Supply Depot  
  25  2:43  Cyclone  
  28  2:46  SCV  
  29  3:02  SCV  
  29  3:10  Command Center, Marine x2  
  31  3:14  SCV  
  31  3:19  Supply Depot  
  32  3:24  Starport Tech Lab  
  32  3:26  SCV  
  33  3:29  Marine x2  
  35  3:35  Supply Depot  
  35  3:38  SCV  
  36  3:42  Siege Tank  
  36  3:47  Marine x2  
  41  3:51  Cloaking Field  
  41  3:54  SCV  
  42  4:02  Banshee  
  42  4:08  SCV  
  42  4:09  Marine x2  
  48  4:21  SCV  
  48  4:22  Orbital Command  
  49  4:33  Siege Tank, SCV  
  49  4:35  Marine x2  
  55  4:45  Banshee  
  55  4:50  SCV x2  
  58  4:53  Marine x2  
  60  5:00  Supply Depot  
  60  5:02  Refinery, SCV x2  
  62  5:10  Siege Tank  
  65  5:14  Engineering Bay, SCV x2  
  65  5:17  Marine x2  
  69  5:22  Supply Depot  
  69  5:26  SCV  
  69  5:28  Supply Depot  
  70  5:42  Marine  
  70  5:44  SCV x2, Marine  
  70  5:46  Barracks  
  73  5:56  SCV x2  
  75  6:00  Marine  
  75  6:01  Marine  
  75  6:02  Terran Infantry Weapons Level 1  
  74  6:05  Factory Tech Lab  
  74  6:08  SCV x2  
  74  6:09  Barracks  
  73  6:14  Refinery  
  73  6:16  Command Center  
  73  6:20  SCV  
  73  6:24  Marine x2  
  73  6:25  Siege Tank  
  79  6:27  SCV  
  79  6:28  Supply Depot  
  79  6:32  SCV  
  81  6:33  Supply Depot  
  81  6:34  Barracks Tech Lab  
  81  6:39  SCV  
  82  6:42  Marine x2  
  82  6:44  SCV  
  85  6:51  SCV, Supply Depot  
  83  6:56  SCV  
  83  6:59  Stimpack  
  83  7:00  Marauder, Barracks Reactor  
  86  7:03  Starport Reactor, SCV  
  86  7:04  Barracks  
  86  7:06  Barracks  
  87  7:08  Factory Reactor  
  87  7:09  SCV  
  87  7:11  Marine x2  
  90  7:17  Ghost Academy  
  90  7:18  SCV, Supply Depot  
  90  7:21  SCV  
  90  7:22  Marauder  
  94  7:23  Supply Depot  
  94  7:24  Supply Depot  
  94  7:29  Orbital Command  
  94  7:30  Marine x2  
  94  7:34  SCV  
  94  7:36  Marine x2  
  99  7:38  Supply Depot  
  99  7:40  Medivac x2  
  103  7:46  Widow Mine  
  103  7:49  Widow Mine  
  109  7:54  Combat Shield  
  109  7:55  Barracks Tech Lab  
  109  7:56  Terran Infantry Armor Level 1  
  111  7:59  SCV x2  
  111  8:02  Ghost x2  
  111  8:03  Marine x4  
  117  8:14  Orbital Command  
  117  8:19  Widow Mine x2, SCV x2  
  123  8:22  Medivac x2  
  123  8:24  Ghost  
  123  8:25  Marine x4  
  117  8:39  Marauder, Marine  
  117  8:40  SCV x2  
  110  8:43  Marine x4  
  110  8:44  SCV  
  114  8:52  SCV x2  
  114  8:53  Marauder  
  116  8:56  SCV  
  116  8:58  Marauder  
  116  9:00  Marine  
  116  9:02  Medivac x2  
  119  9:04  SCV  
  119  9:07  SCV  
  120  9:17  Widow Mine x2  
  120  9:22  Marauder x3  
  120  9:23  Refinery  
  127  9:24  Refinery  
  127  9:26  Marine  
  125  9:53  Armory  
  125  9:54  Engineering Bay  
Show
View Real Time Build Order
Export as new Build Order

SpaceMarine Protoss 

Build Orders: Blink Stalkers 

Get SALT Encoding   

  12  0:00  Probe  
  13  0:13  Probe  
  14  0:17  Pylon  
  14  0:24  Probe  
  15  0:32  Probe  
  15  0:37  Gateway  
  15  0:40  Probe  
  16  0:46  Assimilator  
  17  0:51  Probe  
  17  0:55  Assimilator  
  18  0:59  Probe  
  19  1:07  Probe  
  20  1:16  Pylon  
  20  1:17  Probe  
  21  1:27  Cybernetics Core  
  23  1:34  Probe  
  24  1:46  Probe  
  25  1:53  Stalker  
  23  1:54  Nexus  
  23  2:04  Warp Gate  
  25  2:08  Probe  
  26  2:20  Probe  
  27  2:23  Sentry  
  28  2:30  Twilight Council  
  28  2:33  Probe  
  29  2:39  Blink  
  29  2:49  Stalker  
  29  2:50  Gateway  
  31  2:57  Gateway  
  31  3:06  Probe  
  31  3:07  Probe  
  33  3:18  Probe  
  33  3:19  Probe  
  35  3:30  Probe  
  35  3:31  Probe  
  37  3:42  Probe  
  37  3:43  Probe  
  37  3:48  Pylon  
  39  3:53  Stalker x2  
  39  3:54  Probe  
  45  3:55  Probe  
  45  3:59  Robotics Facility  
  45  4:06  Probe  
  45  4:08  Probe  
  47  4:17  Stalker x3  
  47  4:18  Probe  
  47  4:19  Pylon  
  47  4:22  Charge  
  54  4:29  Pylon  
  54  4:37  Probe  
  55  4:43  Nexus  
  55  4:51  Observer  
  55  4:52  Stalker  
  58  4:53  Zealot  
  59  5:13  Gateway x2  
  59  5:14  Gateway  
  59  5:16  Probe x2  
  61  5:22  Forge  
  62  5:28  Probe x2  
  63  5:37  Zealot x3  
  70  5:51  Protoss Ground Armor Level 1, Gateway  
  70  5:52  Observer  
  70  5:53  Pylon  
  62  6:09  Probe x2  
  64  6:11  Zealot  
  64  6:12  Zealot x5  
  76  6:22  Probe x2  
  76  6:25  Nexus  
  78  6:39  Pylon  
  78  6:40  Pylon  
  78  6:56  Warp Prism  
  78  6:57  Probe x2  
  82  7:09  Probe x2  
  82  7:11  Zealot x5  
  94  7:17  Pylon  
  94  7:21  Pylon  
  94  7:33  Pylon  
  94  7:35  Probe x2  
  96  7:39  Zealot x4  
  96  7:42  Protoss Ground Armor Level 2  
  104  7:47  Probe  
  104  7:48  Probe x2  
  107  7:56  Probe x2  
  107  7:59  Probe  
  107  8:04  Probe  
  110  8:07  Templar Archives  
  111  8:18  Probe x2  
  111  8:19  Probe  
  112  8:30  Probe x2  
  112  8:31  Probe  
  105  8:34  Zealot x5  
  105  8:35  Immortal, Zealot  
  105  8:38  Gateway  
  99  8:43  Zealot  
  97  8:50  Gateway  
  97  8:52  Gateway  
  91  9:03  Sentry  
  91  9:04  Zealot x3  
  91  9:05  Zealot x3  
  105  9:16  Immortal  
  105  9:28  Stalker x6  
  103  9:32  Stalker  
  85  9:39  Zealot  
  71  9:46  Zealot  
  71  9:47  Zealot  
  71  9:51  Zealot x6  

Tags
 
Add a new tag
Caveats
  • Supply blocks, unpowered buildings, or Contaminate may cause inaccurate times.
  • Supply counts are checked every 10 seconds.